 Dungeon Crawl Stone Soup version 0.29-a0-330-g52719c12eb (webtiles) character file.

Game seed: 15879135554737833919

135 zishaf the Skirmisher (level 4, 0/39 HPs)
             Began as a Palentonga Abyssal Knight on Apr 12, 2022.
             Was a Priest of Lugonu.
             Slain by an orc wizard
             ... wielding a +0 dagger
              (2 damage)
             ... on level 3 of the Dungeon.
             The game lasted 00:04:40 (2646 turns).

zishaf the Skirmisher (Palentonga Abyssal Knight)   Turns: 2646, Time: 00:04:40

Health: 0/39       AC:  7    Str: 18    XL:     4   Next: 96%
Magic:  5/6        EV:  7    Int: 10    God:    Lugonu [***...]
Gold:   193        SH: 13    Dex: 11    Spells: 3/3 levels left

rFire   . . .      SeeInvis +   a - +1 hand axe
rCold   . . .      Faith    .   j - +1 kite shield {AC+3}
rNeg    . . .      Spirit   .   m - +0 leather armour
rPois   .          Reflect  +   (no helmet)
rElec   .          Harm     .   (no cloak)
rCorr   .          Rampage  .   (no gloves)
Will    .....                   (no barding)
Stlth   +.........              i - amulet of reflection
HPRegen 0.13/turn               (no ring)
MPRegen 0.10/turn               (no ring)

@: no status effects
A: large, rugged brown scales 3, see invisible, deformed body, roll 1, armoured
tail
a: Rolling Charge, Renounce Religion, Depart the Abyss, Bend Space, Banish


You were on level 3 of the Dungeon.
You worshipped Lugonu.
Lugonu was most pleased with you.
You visited 1 branch of the dungeon, and saw 3 of its levels.
You visited the Abyss 1 time.

You collected 193 gold pieces.

Inventory:

Hand Weapons
 a - a +1 hand axe (weapon)
 b - a +0 hunting sling
Armour
 j - a +1 kite shield of protection (worn)
 m - a +0 leather armour (worn)
Jewellery
 i - an amulet of reflection (around neck)
Scrolls
 c - 2 scrolls of teleportation {unknown}
 e - 2 scrolls of enchant armour {unknown}
 f - 2 scrolls of identify {unknown}
 g - a scroll of vulnerability {unknown}
 k - a scroll of fog {unknown}
 q - a scroll of blinking {unknown}
 r - a scroll of holy word {unknown}
Potions
 d - a potion of brilliance {unknown}
 h - a potion of heal wounds {unknown}
 l - a potion of mutation {unknown}
 n - a potion of resistance {unknown}
 o - a potion of degeneration {unknown}
 p - a potion of attraction {unknown}


   Skills:
 + Level 3.8 Fighting
 + Level 3.1 Axes
 - Level 1.5 Armour
 - Level 1.0 Dodging
 + Level 1.3 Shields
 + Level 3.3 Invocations


You had 3 spell levels left.
You didn't know any spells.
Your spell library was empty.

Dungeon Overview and Level Annotations

Branches:
Dungeon (3/15)

Altars:
Cheibriados
Uskayaw


Innate Abilities, Weirdness & Mutations

You are completely covered in rugged brown scales. (AC +3, +7% HP)
You have supernaturally acute eyesight. (SInv)
Armour fits poorly on your strangely shaped body.
You can roll at nearby foes to attack.
You have a long armoured tail.


Message History

You barely miss the orc priest.
The orc priest is lightly wounded.
You completely miss the orc wizard. You barely miss the orc.
The orc priest calls upon Beogh to heal the orc.
The orc's wounds heal themselves!
You block the orc's attack. You block the orc wizard's attack.
Space bends around you!
You blink.
The orc priest invokes the aid of Beogh against you.
Beogh smites you!
* * * LOW HITPOINT WARNING * * *
Roll where?
Press: ? - help, Dir - move target, f - orc priest
Aim: an orc priest, wielding a +0 hand axe (lightly wounded)
You roll forward with a clatter of scales!
You slash the orc priest! You tail-slap the orc priest.
You kill the orc priest!
Lugonu accepts your kill.
Your Axes skill increases to level 3!
Okay, then.
Okay, then.
The orc attacks as you move away! The orc closely misses you.
Space bends around you!
You blink.
The orc attacks as you move away! The orc hits you but does no damage.
The orc wizard points at you and mumbles some strange words.
You resist with some effort.
You slash the orc!
You kill the orc!
Lugonu accepts your kill.
You hit the orc wizard.
The orc wizard is lightly wounded.
You block the orc wizard's attack.
You closely miss the orc wizard.
The orc wizard is lightly wounded.
The orc wizard hits you but does no damage.
Okay, then.
You miss the orc wizard.
The orc wizard is lightly wounded.
You block the orc wizard's attack.
The orc wizard hits you with a +0 dagger.
You die...

....# #..##..........##
....# ###..##............
...†###.....#....)......##
............#...........#
#.......................#
#...........#........)..#
............#...........#
...[........####o######.#
.######.....# #@# .. ##
#.....# #.# # ##...## #..
. ##.## ####


You could see an orc wizard (invisible).

Vanquished Creatures
  An orc priest (D:3)
  3 adders
  A worm (D:2)
  6 dart slugs
  6 orcs (D:3)
  5 ball pythons
  7 bats
  2 endoplasms
  2 giant cockroaches
  4 goblins (D:2)
  5 hobgoblins
  4 kobolds
  2 quokkas
  6 frilled lizards
  3 rats
57 creatures vanquished.

Vanquished Creatures (others)
  2 fungi (D:1)
  A plant (D:1)
3 creatures vanquished.

Grand Total: 60 creatures vanquished

Notes
Turn   | Place    | Note
-------+----------+-------------------------------------------
     0 | Abyss:1  | zishaf the Palentonga Abyssal Knight began the quest for
                  | the Orb.
     0 | Abyss:1  | Reached XP level 1. HP: 19/19 MP: 2/2
    10 | D:1      | Escaped the Abyss
   203 | D:1      | Reached skill level 1 in Dodging
   228 | D:1      | Reached XP level 2. HP: 13/25 MP: 3/3
   833 | D:1      | Found a faded altar of an unknown god.
  1249 | D:2      | Reached XP level 3. HP: 31/31 MP: 4/4
  1304 | D:2      | Reached *** piety under Lugonu
  2073 | D:2      | Reached XP level 4. HP: 38/38 MP: 6/6
  2244 | D:3      | Found a snail-covered altar of Cheibriados.
  2254 | D:3      | Found a hide-covered altar of Uskayaw.
  2296 | D:3      | Reached skill level 1 in Shields
  2646 | D:3      | Slain by an orc wizard

Illustrated notes

Levels and vault maps discovered:
D:1:      dpeg_arrival_arbitrary_c, layout_rooms, serial_forest,
          infiniplex_forest_straight_1, infiniplex_forest_clump_C,
          infiniplex_forest_end_2, infiniplex_forest_straight_4,
          infiniplex_forest_clump_small, infiniplex_forest_straight_2,
          infiniplex_forest_split, infiniplex_forest_clump_medium,
          shapermc_ecumenical_altar_mp_urbaneastern, minmay_hedge_maze
D:2:      layout_loops_corners, kennysheep_generic_room_10
D:3:      layout_basic, lemuel_tele_altar, mainiacjoe_overflow_alcove_1

Skill      XL: |  1  2  3  4 |
---------------+-------------+-----
Dodging        | 1 |  1.0
Shields        | 1 |  1.3
Invocations    | 3 |  3.3
Axes           | 3 |  3.1
Fighting       | |  3.8
Armour         | |  1.5

Action                   |  1- 3 |  4- 6 || total
-------------------------+-------+-------++-------
Melee: Hand axe          |   116 |    43 ||   159
       Tailslap          |    14 |     6 ||    20
Invok: Bend Space        |       |     2 ||     2
 Abil: Rolling Charge    |    13 |     9 ||    22
Armor: Leather armour    |    45 |    18 ||    63
Dodge: Dodged            |    42 |     6 ||    48
Block: Kite shield       |    27 |    26 ||    53
       Reflection        |     1 |       ||     1

Table legend: (Time is in decaauts)
 A = Elapsed time spent in this place.
 B = Non-inter-level travel time spent in this place.
 C = Inter-level travel time spent in this place.
 D = Time resting spent in this place.
 E = Time spent auto-exploring this place.
 F = Levels seen in this place.
 G = Mean time per level.
                   A        B        C        D        E       F      G
               +--------+--------+--------+--------+--------+-----+--------+
         Total |   2686 |   2637 |     49 |    146 |   2057 |   4 |  671.5 |
       Dungeon |   2676 |   2627 |     49 |    146 |   2057 |   3 |  892.0 |
         Abyss |     10 |     10 |      0 |      0 |      0 |   1 |   10.0 |
               +--------+--------+--------+--------+--------+-----+--------+

Top non-repeatable levels by time:
     D:1: 1178 daAuts
     D:2: 1029 daAuts
     D:3: 467 daAuts
 Abyss:1: 10 daAuts
